 Dungeon Crawl Stone Soup version 0.25-a0-565-g8875c97ebb (webtiles) character file.

Game seed: 2619311188476296246, levelgen mode: deterministic

135 borgmanm the Digger (level 5, -15/28 HPs)
             Began as a Gargoyle Earth Elementalist on Feb 26, 2020.
             Killed from afar by Ijyb (23 damage)
             ... with a bolt of acid
             ... on level 3 of the Dungeon.
             The game lasted 00:14:48 (2934 turns).

borgmanm the Digger (Gargoyle Earth Elementalist)   Turns: 2934, Time: 00:14:48

Health: -15/28     AC:  7    Str: 12    XL:     5   Next: 18%
Magic:  6/8        EV: 12    Int: 16    God:
Gold:   82         SH:  0    Dex: 10    Spells: 5/9 levels left

rFire    x . .     SeeInvis .   t - +0 spear
rCold    + . .     Gourm    +   (no shield)
rNeg     + . .     Faith    .   c - +0 robe
rPois    ∞         Spirit   .   (no helmet)
rElec    +         Reflect  .   e - +0 cloak
rCorr    .         Harm     .   (no gloves)
MR       .....                  (no boots)
Stlth    ++........             r - amulet of the gourmand
HPRegen  0.09/turn              j - ring of ice
MPRegen  0.11/turn              (no ring)

@: no status effects
A: negative energy resistance 1, electricity resistance, unbreathing,
petrification resistance, rot immunity, AC +4
a: no special abilities


You were on level 3 of the Dungeon.
You were completely stuffed.

You visited 1 branch of the dungeon, and saw 3 of its levels.

You collected 82 gold pieces.

Inventory:

Hand Weapons
 t - a +0 spear (weapon)
Missiles
 b - 114 stones (quivered)
 s - 4 boomerangs
Armour
 c - a +0 robe (worn)
 e - a +0 cloak (worn)
Jewellery
 j - a ring of ice (left hand)
 r - an amulet of the gourmand (around neck)
Scrolls
 a - 4 scrolls of identify {unknown}
 i - a scroll of amnesia {unknown}
 k - 2 scrolls of random uselessness {unknown}
 l - a scroll of noise {unknown}
 m - a scroll of teleportation {unknown}
 n - a scroll of blinking {unknown}
 q - 4 scrolls of remove curse {unknown}
 w - a scroll of fear {unknown}
Potions
 f - a potion of stabbing {unknown}
 g - a potion of magic {unknown}
 h - a potion of curing {unknown}
 o - 4 potions of heal wounds {unknown}
 u - a potion of degeneration {unknown}
 v - a potion of haste {unknown}
Comestibles
 d - 8 rations


   Skills:
   Level 0.1 Short Blades
 - Level 1.5 Dodging
 - Level 2.1 Stealth
 * Level 2.6 Spellcasting
 + Level 2.5 Conjurations
   Level 0.7 Transmutations
 + Level 5.5 Earth Magic


You had 5 spell levels left.
You knew the following spells:

 Your Spells              Type           Power        Failure   Level  Hunger
a - Sandblast             Erth           ###...       1%          1    #......
b - Stone Arrow           Conj/Erth      ###...       11%         3    ###....

Your spell library contained the following spells:

 Spells                   Type           Power        Failure   Level  Hunger
 Passwall                 Tmut/Erth      ##......     9%          2    ##.....
 Petrify                  Tmut/Erth      ##......     47%         4    #####..
 Lee's Rapid Deconstruct  Erth           ###.......   50%         5    ######.


Dungeon Overview and Level Annotations

Branches:
Dungeon (3/15)

Altars:
Elyvilon

Annotations:
D:3 1 runed translucent door, Ijyb; Veteran's ghost, amateur OgBe


Innate Abilities, Weirdness & Mutations

You are resistant to torment.
Your stone body is resilient. (AC +4)
You are immune to poison.
You resist negative energy. (rN+)
You are resistant to electric shocks. (rElec)
You can survive without breathing.
You are immune to petrification.
You are immune to rotting.


Message History

Aiming: Sandblast (safe; 1% risk of failure)
Press: ? - help, Shift-Dir - straight line, f - orc
Aim: an orc, wielding a +0 trident and wearing a +0 leather armour The blast of sand hits the orc.
The orc is almost dead.
b - 115 stones Ijyb zaps a wand.
The bolt of acid misses you. The orc barely misses you.
Casting: Sandblast (safe; 1% risk of failure)
Confirm with . or Enter, or press ? or * to list all spells.
Aiming: Sandblast (safe; 1% risk of failure)
Press: ? - help, Shift-Dir - straight line, f/p - orc
Aim: an orc, wielding a +0 trident and wearing a +0 leather armour (almost dead)
The blast of sand hits the orc.
You kill the orc!
b - 114 stones Ijyb zaps a wand.
The bolt of acid hits you!
You are splashed with acid!
* * * LOW HITPOINT WARNING * * *
Ijyb zaps a wand.
The bolt of acid hits you!!
Ouch! That really hurt!
You die...

.........#...........######..###
#...#..#..##.......###........
#..........†..#......>##.####
##........(.(.#...###.##..##
#........)........# ..###..##
#...#..!...g[.....#.#..## ##..#
#.###.................# ##.#
#.............)#..##### #.#
#..##......>..@...### #.# #..
##.........<....# #.# ..
#..............# #.# .
#...............## #.#
#................########.#
###########)...........#
.................<....
#...#...#..)........##
........†...........##


You could see Ijyb.

Vanquished Creatures
  3 adders
  3 gnolls (D:2)
  2 oozes (D:1)
  2 dart slugs
  4 leopard geckos (D:1)
  2 orcs (D:3)
  4 giant cockroaches
  5 goblins
  13 hobgoblins
  3 jackals (D:2)
  A quokka (D:2)
  4 bats
  2 frilled lizards (D:1)
  5 kobolds
  7 rats
60 creatures vanquished.

Notes
Turn   | Place    | Note
-------+----------+-------------------------------------------
     0 | D:1      | borgmanm the Gargoyle Earth Elementalist began the quest
                  | for the Orb.
     0 | D:1      | Reached XP level 1. HP: 10/10 MP: 3/3
   282 | D:1      | Reached skill level 4 in Earth Magic
   282 | D:1      | Reached XP level 2. HP: 5/15 MP: 1/5
   573 | D:1      | Reached XP level 3. HP: 10/19 MP: 0/6
   711 | D:1      | Learned a level 3 spell: Stone Arrow
  1606 | D:1      | Reached skill level 1 in Conjurations
  1840 | D:2      | Reached skill level 5 in Earth Magic
  1875 | D:2      | Reached XP level 4. HP: 18/24 MP: 4/7
  2078 | D:2      | Found a white marble altar of Elyvilon.
  2690 | D:3      | Found a runed translucent door.
  2691 | D:3      | Noticed Veteran's ghost (amateur OgBe)
  2704 | D:3      | Reached XP level 5. HP: 28/28 MP: 8/8
  2760 | D:3      | Noticed Ijyb
  2934 | D:3      | Killed from afar by Ijyb

Levels and vault maps discovered:
D:1:      onia_arrival_pentagram, layout_basic, minmay_pentomino_r2
D:2:      layout_basic, elyvilon_altar_4
D:3:      layout_rooms, lemuel_coloured_pillars_altar,
          nicolae_overflow_quartered_altars, ebering_ghost_sewer_d,
          chequers_ecumenical_altar_grove, uniq_ijyb

Skill      XL: |  1  2  3  4 |
---------------+-------------+-----
Earth Magic    | 4 5 |  5.5
Conjurations   | 1 2 |  2.5
Short Blades   | |  0.1
Dodging        | |  1.5
Stealth        | |  2.1
Spellcasting   | |  2.6
Transmutations | |  0.7

Action                   |  1- 3 |  4- 6 || total
-------------------------+-------+-------++-------
Melee: Dagger            |   123 |       ||   123
       Spear             |       |    49 ||    49
 Cast: Sandblast         |    20 |    25 ||    45
       Stone Arrow       |     2 |     3 ||     5
  Eat: Chunk             |     9 |     8 ||    17
Armor: Robe              |    52 |    36 ||    88
Dodge: Dodged            |    85 |    57 ||   142

Table legend:
 A = Non-vault XP
 B = Vault XP
 C = Vault XP percentage of total XP
 D = Non-vault monster count
 E = Vault monster count
 F = Vault count percentage of total count
                 A         B        C        D         E       F
            +---------+---------+-------+---------+---------+-------
      Total |     194 |       0 |   0.0 |      60 |       0 |   0.0
            +---------+---------+-------+---------+---------+-------
        D:1 |      64 |       0 |   0.0 |      27 |       0 |   0.0
        D:2 |      94 |       0 |   0.0 |      19 |       0 |   0.0
        D:3 |      36 |       0 |   0.0 |      14 |       0 |   0.0
            +---------+---------+-------+---------+---------+-------
